 Dungeon Crawl Stone Soup version 0.17-a0-1838-g891d947 (webtiles) character file.

147 abixa the Ruffian (level 5, 0/45 HPs)
             Began as a Ghoul Monk on Sept 15, 2015.
             Slain by an ogre
             ... wielding a +0 giant club
              (13 damage)
             ... on level 4 of the Dungeon.
             The game lasted 00:05:21 (2465 turns).

abixa the Ruffian (Ghoul Monk)                      Turns: 2465, Time: 00:05:21

Health: 0/45       AC:  9    Str: 15    XL:     5   Next: 29%
Magic:  4/4        EV: 12    Int:  5    God:
Gold:   186        SH:  0    Dex: 12    Spells: 0 memorised, 4 levels left

rFire  . . .     SeeInvis .       - Unarmed
rCold  + . .     Clarity  .     u - +3 leather armour
rNeg   + + +     SustAt   .     (no shield)
rPois  ∞         Gourm    .     y - +1 helmet
rElec  .         Spirit   .     x - +0 cloak
rCorr  .         Warding  .     (no gloves)
rMut   .         Stasis   .     (no boots)
MR     .....                    (no amulet)
Stlth  +.........               o - +2 ring of slaying
                                m - ring of loudness (curse)

@: rotting, not resistant to hostile enchantments, very unstealthy
A: rotting body, claws 1, carnivore 3, cold resistance 1, negative energy
resistance 3, slow healing 1, torment resistance, unbreathing
a: no special abilities


You were on level 4 of the Dungeon.
You were not hungry.

You visited 1 branch of the dungeon, and saw 4 of its levels.

You collected 186 gold pieces.

Inventory:

Hand weapons
 A - a +0 hunting sling
Missiles
 e - 40 arrows
 g - 141 stones (quivered)
 j - 25 bolts
 l - 9 sling bullets
 v - 15 poisoned needles
Armour
 u - a +3 leather armour (worn)
 x - a +0 cloak (worn)
 y - a +1 helmet (worn)
Jewellery
 m - a cursed ring of loudness (left claw)
 o - a +2 ring of slaying (right claw)
 B - a cursed ring of teleportation {unknown}
 D - an uncursed ring of sustain attributes {unknown}
Scrolls
 d - 9 scrolls of identify {unknown}
 k - a scroll of enchant armour {unknown}
 n - a scroll of fear {unknown}
 s - a scroll of remove curse {unknown}
 w - a scroll of teleportation {unknown}
 z - a scroll of amnesia {unknown}
Potions
 a - a potion of haste
 c - a potion of resistance {unknown}
 f - a potion of beneficial mutation {unknown}
 i - a potion of heal wounds {unknown}
 p - a potion of agility {unknown}
 q - a potion of might {unknown}
 r - a potion of invisibility {unknown}
 t - 3 potions of curing {unknown}
 C - a potion of brilliance {unknown}
Comestibles
 b - 5 meat rations
 h - a beef jerky


   Skills:
 + Level 3.5 Fighting
 + Level 2.9 Dodging
 - Level 2.1 Stealth
 + Level 6.7 Unarmed Combat


You had 4 spell levels left.
You didn't know any spells.

Dungeon Overview and Level Annotations

Branches:
Dungeon (4/15)
 Temple: D:4-7

Altars:
Yredelemnul


Innate Abilities, Weirdness & Mutations

Your body is rotting away.
You thrive on raw meat.
You are immune to poison.
You have sharp fingernails.
You are carnivorous and can eat meat at any time.
Your flesh is cold resistant.
You are immune to negative energy.
You heal slowly when monsters are visible.
You are immune to unholy pain and torment.
You can survive without breathing.


Message History

You scratch the ogre.
The ogre is moderately wounded.
You scratch the ogre.
The ogre is heavily wounded.
The ogre closely misses you.
You barely miss the ogre.
The ogre is heavily wounded.
You claw the ogre!
The ogre is almost dead.
The ogre closely misses you.
You barely miss the ogre.
The ogre is almost dead.
The ogre hits you with a giant club!
* * * LOW HITPOINT WARNING * * *
You completely miss the ogre.
The ogre is almost dead.
You scratch the ogre.
The ogre is almost dead.
The ogre hits you with a giant club!
You die...

#.......+
+.......##+####
#.............#
###.............#
#.....#+##......# ...
+.....#..'......+
....#.)...'..#..)...#
....#..#########....#
#...#.)# #.@..#
#...##'# #.O..#
.......# #....#
.......# +....+
.......# #....#
.......# #....#
....#### #.!..#
....#..###### ######
....#........


You could see an ogre.

Vanquished Creatures
  Natasha (thrice) (D:2)
  Robin (D:2)
  3 adders
  A worm (D:2)
  A giant gecko (D:2)
  4 orcs
  4 bats
  3 giant cockroaches
  14 goblins
  10 hobgoblins
  6 jackals
  2 quokkas
  A giant newt (D:1)
  3 kobolds
  7 rats
63 creatures vanquished.

Notes
Turn   | Place    | Note
--------------------------------------------------------------
     0 | D:1      | abixa the Ghoul Monk began the quest for the Orb.
     0 | D:1      | Reached XP level 1. HP: 19/19 MP: 0/0
   375 | D:1      | Reached XP level 2. HP: 24/26 MP: 1/1
   426 | D:1      | Reached skill level 5 in Unarmed Combat
   823 | D:2      | Reached XP level 3. HP: 13/30 MP: 2/2
   982 | D:2      | Noticed Natasha
   991 | D:2      | Killed Natasha
  1061 | D:2      | Reached skill level 6 in Unarmed Combat
  1061 | D:2      | Reached XP level 4. HP: 38/38 MP: 3/3
  1318 | D:2      | Noticed Robin
  1330 | D:2      | Killed Robin
  1343 | D:2      | Noticed Natasha
  1347 | D:2      | Killed Natasha
  1409 | D:2      | Found a basalt altar of Yredelemnul.
  1591 | D:2      | Noticed Natasha
  1596 | D:2      | Killed Natasha
  1697 | D:3      | Found a faded altar to an unknown god.
  1706 | D:3      | Reached XP level 5. HP: 38/43 MP: 4/4
  2453 | D:4      | Noticed an ogre
  2465 | D:4      | Slain by an ogre

Vault maps used:
D:1:      dpeg_arrival_long_road
D:2:      lemuel_tele_altar, uniq_robin, uniq_natasha
D:3:      first_bread, ecumenical_altar_2
D:4:      minmay_door_path, grunt_decor_clamped, kennysheep_generic_room_11

Action                   |  1- 3 |  4- 6 || total
-------------------------+-------+-------++-------
Melee: Unarmed           |    81 |   114 ||   195
  Eat: Chunk             |     3 |     3 ||     6
